[Event "ICC tourney 2767 (30 10)"]
[Site "Internet Chess Club"]
[Date "2021.12.18"]
[Round "1"]
[White "BANERJEE, ARJUN:ARJUNCHESS05"]
[Black "Zhan, Jayden Zihan:Viperchess001"]
[Result "0-1"]
[ICCResult "White checkmated"]
[WhiteElo "802"]
[BlackElo "1273"]
[Opening "Sicilian defense"]
[ECO "B40"]
[NIC "FR.01"]
[Time "13:00:59"]
[PlyCount "80"]
[TimeControl "1800+10"]

1. e4 e6 2. Nf3 c5 3. Bc4 Nc6 4. c3 d5 5. exd5 exd5 6. Be2 Bf5 7. Na3 a6 8.
O-O Nf6 9. d4 c4 10. b3 b5 11. bxc4 dxc4 12. h3 Be7 13. Ne5 Be4 14. Bf3 Bxf3
15. Nxc6 Bxc6 16. Qe2 O-O 17. Nc2 Re8 18. Qd2 Ne4 19. Qe2 Nxc3 20. Qe3 Nd5
21. Qg3 Bd6 22. Qg4 Nf6 23. Qd1 Bc7 24. g3 Qd5 25. f3 Bxg3 26. Nb4 Qd7 27.
Bg5 a5 28. Nxc6 Qxc6 29. f4 h6 30. Bxf6 Qxf6 31. Qf3 Qxd4+ 32. Kg2 Bh4 33.
Qg4 Bf6 34. Rab1 Qe4+ 35. Kg1 Bd4+ 36. Kh2 Qc2+ 37. Kg3 Re3+ 38. Kh4 Bf6+
39. Kh5 Rxh3+ 40. Qxh3 Qg6# {White checkmated} 0-1

[Event "ICC tourney 2767 (30 10)"]
[Site "Internet Chess Club"]
[Date "2021.12.18"]
[Round "1"]
[White "SMITH, CHRISTOPHER:Cosmosaic"]
[Black "ZHAO, DANSON:K01-30127679"]
[Result "0-1"]
[ICCResult "White checkmated"]
[WhiteElo "488"]
[BlackElo "1110"]
[Opening "English opening"]
[ECO "A20"]
[NIC "EO.25"]
[Time "13:01:49"]
[PlyCount "110"]
[TimeControl "1800+10"]

1. c4 e5 2. d3 d6 3. Nc3 Nf6 4. f3 Be7 5. Bg5 Be6 6. Bxf6 Bxf6 7. Qa4+ Nc6
8. b4 O-O 9. e3 e4 10. d4 exf3 11. Nxf3 d5 12. b5 Ne7 13. g3 dxc4 14. Bxc4
Bxc4 15. Qxc4 c6 16. Rb1 Rb8 17. O-O Qc7 18. Ne4 Nd5 19. Rfe1 Rfe8 20. Nxf6+
Nxf6 21. Ne5 Rec8 22. a4 Ne4 23. Rb2 Nd6 24. Qd3 cxb5 25. axb5 Nc4 26. Rc2
Nxe5 27. dxe5 Qxc2 28. Qf1 Rd8 29. Re2 Rd2 30. Rxd2 Qxd2 31. Qf2 Qxf2+ 32.
Kxf2 Rc8 33. h4 a6 34. b6 Rc6 35. e4 Rxb6 36. Kf3 Re6 37. Kf4 b5 38. Kf5 a5
39. g4 b4 40. g5 a4 41. h5 g6+ 42. hxg6 hxg6+ 43. Kf4 Rxe5 44. Kxe5 b3 45.
Kd4 b2 46. Kc3 b1=Q 47. Kc4 a3 48. Kd5 a2 49. e5 a1=Q 50. e6 fxe6+ 51. Kxe6
Qf5+ 52. Ke7 Qe1+ 53. Kd6 Qee6+ 54. Kc7 Qff7+ 55. Kb8 Qee8# {White
checkmated} 0-1

[Event "ICC tourney 2767 (30 10)"]
[Site "Internet Chess Club"]
[Date "2021.12.18"]
[Round "1"]
[White "THAPER, RISHUBH:MajorKey"]
[Black "SHI, WARREN:warren200"]
[Result "1-0"]
[ICCResult "Black resigns"]
[WhiteElo "1290"]
[BlackElo "822"]
[Opening "QGA: 3.Nf3"]
[ECO "D21"]
[NIC "QG.05"]
[Time "13:00:54"]
[PlyCount "51"]
[TimeControl "1800+10"]

1. d4 d5 2. c4 dxc4 3. Nf3 Nc6 4. e3 Bf5 5. Bxc4 e6 6. Bd2 Bb4 7. Bxb4 Nxb4
8. Qa4+ Nc6 9. Ne5 Qd6 10. Bb5 Ne7 11. Nd2 O-O 12. Rc1 Nxe5 13. dxe5 Qxe5
14. Qa3 Nd5 15. Nf3 Qd6 16. Qa4 Nb6 17. Qb3 c6 18. Be2 Rfd8 19. O-O Qd5 20.
Qa3 Bg4 21. Rfd1 Qf5 22. Rxd8+ Rxd8 23. Qe7 Qf6 24. Qxb7 Qxb2 25. Rd1 Rd7
26. Qb8+ {Black resigns} 1-0

[Event "ICC tourney 2767 (30 10)"]
[Site "Internet Chess Club"]
[Date "2021.12.18"]
[Round "1"]
[White "Merriman, Dann Hu:theLittlePetey"]
[Black "YADHUNANDAN, ADIDEV:Yadhunandan"]
[Result "0-1"]
[ICCResult "White resigns"]
[WhiteElo "1197"]
[BlackElo "756"]
[Opening "Scandinavian (center counter) defense"]
[ECO "B01"]
[NIC "SD.02"]
[Time "13:01:00"]
[PlyCount "64"]
[TimeControl "1800+10"]

1. e4 d5 2. exd5 Qxd5 3. Nc3 Qd8 4. d4 Nf6 5. Nf3 Bg4 6. h3 Bf5 7. Be2 Nc6
8. Be3 Nb4 9. Rc1 e6 10. a3 Nc6 11. Bb5 a6 12. Bxc6+ bxc6 13. Nh4 g6 14.
Nxf5 gxf5 15. O-O Qd6 16. Qf3 O-O-O 17. Qe2 c5 18. dxc5 Qc6 19. b4 Rg8 20.
f3 Nh5 21. Qc4 Bg7 22. Bg5 Bd4+ 23. Kh1 Rxg5 24. Ne2 Be3 25. Rcd1 Rxd1 26.
Rxd1 Ng3+ 27. Nxg3 Rxg3 28. Qc3 Bh6 29. Qh8+ Kb7 30. Rd8 Be3 31. Kh2 Bf4 32.
Qd4 Rxf3+ {White resigns} 0-1

[Event "ICC tourney 2767 (30 10)"]
[Site "Internet Chess Club"]
[Date "2021.12.18"]
[Round "1"]
[White "HIBBS, ROBERT:BotanicalKnight"]
[Black "BAPURAM, ATHARV:AtharvRB"]
[Result "1/2-1/2"]
[ICCResult "Game drawn by mutual agreement"]
[WhiteElo "1398"]
[BlackElo "1016"]
[Opening "Sicilian: closed"]
[ECO "B23"]
[NIC "SI.44"]
[Time "13:01:04"]
[PlyCount "82"]
[TimeControl "1800+10"]

1. e4 c5 2. Nc3 d6 3. f4 Nf6 4. d3 g6 5. Nf3 Bg7 6. g3 Nc6 7. Bg2 Bd7 8. O-O
O-O 9. Rb1 Qc8 10. a3 Bh3 11. Qe2 Bxg2 12. Qxg2 a6 13. h3 b5 14. g4 Nd7 15.
Nd5 e6 16. Nc3 Nb6 17. h4 f5 18. h5 fxg4 19. Qxg4 e5 20. Qxc8 Raxc8 21. hxg6
hxg6 22. fxe5 Nxe5 23. Nxe5 Rxf1+ 24. Kxf1 Rf8+ 25. Kg2 Bxe5 26. Bg5 Kg7 27.
Rh1 Rh8 28. Rxh8 Kxh8 29. Bd8 Nd7 30. Be7 Kg7 31. Kf3 Kf7 32. Bd8 Nf6 33.
Bxf6 Bxf6 34. Nd1 Ke6 35. b3 a5 36. Ne3 a4 37. Nd5 Bb2 38. Nc7+ Kd7 39. Nxb5
axb3 40. cxb3 Kc6 41. a4 Bc1 {Game drawn by mutual agreement} 1/2-1/2

[Event "ICC tourney 2767 (30 10)"]
[Site "Internet Chess Club"]
[Date "2021.12.18"]
[Round "1"]
[White "WEI, LUKE:caracleliem2"]
[Black "VIJEYANANDH, VISHNU:vishnuvijey"]
[Result "1-0"]
[ICCResult "Black checkmated"]
[WhiteElo "1079"]
[BlackElo "393"]
[Opening "Ruy Lopez: Berlin defense, Beverwijk variation"]
[ECO "C65"]
[NIC "RL.07"]
[Time "13:01:49"]
[PlyCount "121"]
[TimeControl "1800+10"]

1. e4 e5 2. Nf3 Nc6 3. Bb5 Nf6 4. O-O Bc5 5. Nxe5 Nxe5 6. d4 Bxd4 7. Qxd4
Nc6 8. Bxc6 bxc6 9. Nc3 h6 10. Bf4 d6 11. Rfd1 Be6 12. e5 dxe5 13. Qxd8+
Rxd8 14. Rxd8+ Kxd8 15. Bxe5 Kc8 16. Na4 Rd8 17. Nc5 Bxa2 18. b3 Rd5 19. Nd3
Bxb3 20. Bxf6 gxf6 21. Nb4 Rc5 22. cxb3 Rc3 23. g3 c5 24. Nc6 Rxb3 25. Nxa7+
Kb7 26. Kf1 c4 27. Ke2 Rd3 28. Nb5 Kb6 29. Na3 Kc5 30. Nc2 Rc3 31. Kd2 Rd3+
32. Ke2 f5 33. Rc1 Rc3 34. f3 Rb3 35. f4 c3 36. Kd3 Kd5 37. Ne3+ Ke6 38.
Rxc3 Rxc3+ 39. Kxc3 Kf6 40. Nd5+ Kg6 41. Nxc7 f6 42. Kd4 Kh5 43. Nd5 Kg4 44.
Nxf6+ Kh3 45. Ke5 Kxh2 46. Kxf5 Kxg3 47. Nh5+ Kh4 48. Kg6 Kg4 49. f5 Kf3 50.
f6 Ke4 51. f7 Ke5 52. f8=Q Ke6 53. Qf5+ Ke7 54. Qf6+ Kd7 55. Kf7 Kc7 56. Ke7
Kc8 57. Qc6+ Kb8 58. Kd7 Ka7 59. Qb5 Ka8 60. Kc7 Ka7 61. Qa5# {Black
checkmated} 1-0

[Event "ICC tourney 2767 (30 10)"]
[Site "Internet Chess Club"]
[Date "2021.12.18"]
[Round "1"]
[White "HELLER, JACK G:Maximusiv"]
[Black "ANGEL, BORYS:BArkadia"]
[Result "1-0"]
[ICCResult "Black resigns"]
[WhiteElo "872"]
[BlackElo "1337"]
[Opening "two knights: Max Lange attack"]
[ECO "C55"]
[NIC "KP.02"]
[Time "13:00:55"]
[PlyCount "49"]
[TimeControl "1800+10"]

1. e4 e5 2. Nf3 Nc6 3. Bc4 Nf6 4. d4 exd4 5. O-O Bc5 6. e5 d5 7. exf6 dxc4
8. Re1+ Be6 9. Ng5 Qxf6 10. Qg4 O-O-O 11. Nxe6 fxe6 12. Rxe6 Kb8 13. Rxf6
gxf6 14. Bf4 Rhg8 15. Qh5 Bb6 16. Qxh7 d3 17. cxd3 cxd3 18. Nd2 Rg4 19. Bg3
Ba5 20. Rd1 Ne5 21. b3 a6 22. Qf5 Rg5 23. Qxf6 Re8 24. Qxg5 Bxd2 25. Qxd2
{Black resigns}
1-0

[Event "ICC tourney 2767 (30 10)"]
[Site "Internet Chess Club"]
[Date "2021.12.18"]
[Round "1"]
[White "MA, YUNHUI:K03-16857748"]
[Black "Nagarajan, Ramesh:rnagaraj"]
[Result "0-1"]
[ICCResult "White checkmated"]
[WhiteElo "710"]
[BlackElo "1196"]
[Opening "Giuoco Pianissimo: Italian four knights variation"]
[ECO "C50"]
[NIC "IG.02"]
[Time "13:01:08"]
[PlyCount "84"]
[TimeControl "1800+10"]

1. e4 e5 2. Nf3 Nc6 3. Bc4 Bc5 4. Nc3 Nf6 5. d3 h6 6. O-O d6 7. h3 Be6 8.
Bb3 a6 9. Be3 Bxe3 10. fxe3 O-O 11. d4 Bxb3 12. axb3 Re8 13. d5 Nb8 14. Qe1
Nbd7 15. Nh4 Nc5 16. Nf5 Kh7 17. Qg3 Rg8 18. Rad1 Nfxe4 19. Nxe4 Nxe4 20.
Qf3 Nf6 21. e4 Rf8 22. Rde1 Nd7 23. Re3 g6 24. Ng3 a5 25. Qe2 Qg5 26. Ref3
Kg7 27. Qf2 Qe7 28. h4 c6 29. h5 cxd5 30. exd5 f5 31. hxg6 f4 32. Ne2 Qe8
33. Qh4 Qxg6 34. g3 Kh7 35. R1f2 Rg8 36. Kf1 Qxc2 37. Rh2 Qd1+ 38. Kf2 Rg6
39. g4 Nf6 40. Nc3 Nxg4+ 41. Kg2 Ne3+ 42. Kf2 Qf1# {White checkmated} 0-1

[Event "ICC tourney 2767 (30 10)"]
[Site "Internet Chess Club"]
[Date "2021.12.18"]
[Round "2"]
[White "Nagarajan, Ramesh:rnagaraj"]
[Black "Barnhart, Randolph Earl :REB1958"]
[Result "1-0"]
[ICCResult "Black checkmated"]
[WhiteElo "1196"]
[BlackElo "670"]
[Opening "King's gambit"]
[ECO "C30"]
[NIC "KG.05"]
[Time "15:00:32"]
[PlyCount "23"]
[TimeControl "1800+10"]

1. e4 e5 2. f4 f6 3. Bc4 Ne7 4. Nf3 c6 5. fxe5 h6 6. exf6 gxf6 7. Ne5 fxe5
8. Qh5+ Ng6 9. Qxg6+ Ke7 10. O-O d5 11. Rf7+ Ke8 12. Rxb7# {Black
checkmated} 1-0

[Event "ICC tourney 2767 (30 10)"]
[Site "Internet Chess Club"]
[Date "2021.12.18"]
[Round "2"]
[White "ZHAO, DANSON:K01-30127679"]
[Black "KUPPACHI, DHANVI HRUDAY:dkuppachi"]
[Result "1-0"]
[ICCResult "Black checkmated"]
[WhiteElo "1110"]
[BlackElo "105"]
[Opening "Giuoco Pianissimo: Italian four knights variation"]
[ECO "C55"]
[NIC "IG.01"]
[Time "15:00:32"]
[PlyCount "109"]
[TimeControl "1800+10"]

1. e4 e5 2. Nf3 Nc6 3. Bc4 Nf6 4. Nc3 Bc5 5. d3 O-O 6. Bg5 h6 7. Bh4 g5 8.
Bg3 Ng4 9. h3 Bxf2+ 10. Bxf2 Nxf2 11. Kxf2 d6 12. Rf1 Be6 13. Bb3 Qe7 14.
Kg1 Rae8 15. Nd5 Bxd5 16. Bxd5 Nd4 17. Nxd4 exd4 18. Kh1 c6 19. Bb3 d5 20.
exd5 Qe2 21. dxc6 bxc6 22. Re1 Qxd1 23. Raxd1 Rxe1+ 24. Rxe1 Kg7 25. Kg1 Rd8
26. Re7 Kf6 27. Rxf7+ Kg6 28. Rxa7 Re8 29. Bf7+ Kf6 30. Bxe8 Ke5 31. Bxc6
Kf4 32. Re7 Kg3 33. Bf3 Kf4 34. Re4+ Kf5 35. Bg4+ Kf6 36. Rxd4 Ke5 37. Re4+
Kd5 38. c3 Kc5 39. Be6 Kd6 40. Bd7 Kxd7 41. b4 Kc6 42. a4 Kd6 43. c4 Kc6 44.
d4 Kd6 45. d5 Kc7 46. c5 Kd7 47. b5 Kc7 48. a5 Kd7 49. d6 Kc8 50. c6 Kb8 51.
b6 Ka8 52. a6 Kb8 53. d7 Ka8 54. c7 h5 55. d8=Q# {Black checkmated} 1-0

[Event "ICC tourney 2767 (30 10)"]
[Site "Internet Chess Club"]
[Date "2021.12.18"]
[Round "2"]
[White "SHI, WARREN:warren200"]
[Black "SMITH, CHRISTOPHER:Cosmosaic"]
[Result "1-0"]
[ICCResult "Black checkmated"]
[WhiteElo "822"]
[BlackElo "488"]
[Opening "Vienna game"]
[ECO "C26"]
[NIC "VG.02"]
[Time "15:00:11"]
[PlyCount "125"]
[TimeControl "1800+10"]

1. e4 e5 2. Bc4 Nf6 3. Nc3 c6 4. Nf3 Bd6 5. O-O h6 6. d4 b5 7. Bb3 Qe7 8.
dxe5 Bxe5 9. Nxe5 Qxe5 10. Qf3 d6 11. Bf4 Qe7 12. Rfe1 O-O 13. e5 Bg4 14.
Qg3 dxe5 15. Rxe5 Qd7 16. h3 Be6 17. Bxh6 g6 18. Bxe6 Nh5 19. Qxg6+ Kh8 20.
Rxh5 fxg6 21. Bxf8+ gxh5 22. Bxd7 Nxd7 23. Bd6 Re8 24. Kf1 Re6 25. Bg3 Nf6
26. Re1 Rxe1+ 27. Kxe1 b4 28. Be5 Kg7 29. Bxf6+ Kxf6 30. Ne4+ Kf5 31. Nd6+
Kf4 32. Ke2 Ke5 33. Nc4+ Kd5 34. Ne3+ Kc5 35. Kf3 a5 36. g4 hxg4+ 37. hxg4
a4 38. g5 Kd6 39. g6 Ke7 40. g7 Kf7 41. Nf5 c5 42. Ke4 c4 43. Kd4 b3 44.
cxb3 cxb3 45. axb3 axb3 46. Kc3 Kg8 47. Kxb3 Kf7 48. Kc4 Kg8 49. b4 Kf7 50.
b5 Kg8 51. b6 Kf7 52. b7 Kg6 53. g8=Q+ Kxf5 54. b8=Q Ke4 55. Qbe8+ Kf3 56.
Qgf7+ Kg2 57. Qeg8+ Kf1 58. Qg3 Ke1 59. Qe6+ Kd2 60. Qd3+ Kc1 61. Qe1+ Kb2
62. Qee2+ Ka1 63. Qdd1# {Black checkmated} 1-0

[Event "ICC tourney 2767 (30 10)"]
[Site "Internet Chess Club"]
[Date "2021.12.18"]
[Round "2"]
[White "BAPURAM, ATHARV:AtharvRB"]
[Black "Merriman, Dann Hu:theLittlePetey"]
[Result "0-1"]
[ICCResult "White checkmated"]
[WhiteElo "1016"]
[BlackElo "1197"]
[Opening "QGD: Harrwitz attack"]
[ECO "D35"]
[NIC "QO.16"]
[Time "15:00:07"]
[PlyCount "142"]
[TimeControl "1800+10"]

1. d4 Nf6 2. c4 e6 3. Nc3 d5 4. Bf4 Nc6 5. e3 Bb4 6. Qc2 Nh5 7. Bg3 Nxg3 8.
hxg3 h6 9. Nf3 Bd7 10. a3 Bxc3+ 11. bxc3 Qe7 12. c5 a5 13. Rb1 Ra7 14. Bd3
a4 15. Bb5 Nb8 16. Kd2 Bxb5 17. Rxb5 Qd7 18. Rhb1 c6 19. Rb6 Qc7 20. Ne5 f6
21. Qg6+ Kf8 22. Nf3 Nd7 23. R6b4 Rg8 24. Nh4 Ke7 25. Qh7 Kf7 26. Qg6+ Ke7
27. Nf3 f5 28. Nh4 Nf6 29. f3 Qd7 30. Rb6 Qc8 31. Kd3 Qd7 32. g4 fxg4 33.
fxg4 Kd8 34. Nf3 Kc7 35. Ne5 Qe8 36. Qxe8 Rxe8 37. c4 Ne4 38. cxd5 exd5 39.
Rf1 Nf6 40. Rf5 Re7 41. g5 hxg5 42. Rxg5 Ra8 43. Rf5 Rae8 44. Rf1 Ne4 45.
Rfb1 Kc8 46. R6b4 Nxc5+ 47. dxc5 Rxe5 48. Rxb7 Rxe3+ 49. Kd2 Re2+ 50. Kd1
Re1+ 51. Kd2 R8e2+ 52. Kd3 Rxb1 53. Rxb1 Rxg2 54. Kd4 Rg3 55. Rb6 Kc7 56.
Rb4 Rg4+ 57. Kc3 Rxb4 58. axb4 g5 59. Kd4 g4 60. Ke3 a3 61. Kf4 a2 62. Kxg4
a1=Q 63. Kf3 Qe1 64. Kf4 Qe2 65. Kg3 Qf1 66. Kh2 Qf3 67. Kg1 Qe2 68. Kh1 d4
69. Kg1 d3 70. Kh1 d2 71. Kg1 d1=Q# {White checkmated} 0-1

[Event "ICC tourney 2767 (30 10)"]
[Site "Internet Chess Club"]
[Date "2021.12.18"]
[Round "2"]
[White "VIJEYANANDH, VISHNU:vishnuvijey"]
[Black "BANERJEE, ARJUN:ARJUNCHESS05"]
[Result "1/2-1/2"]
[ICCResult "Game drawn by mutual agreement"]
[WhiteElo "393"]
[BlackElo "802"]
[Opening "King's pawn game"]
[ECO "C50"]
[NIC "IG.03"]
[Time "15:02:01"]
[PlyCount "141"]
[TimeControl "1800+10"]

1. e4 e5 2. Nf3 Nc6 3. Bc4 h6 4. Nc3 Nf6 5. d3 Bb4 6. O-O O-O 7. a3 Bxc3 8.
bxc3 d5 9. exd5 Nxd5 10. Bxd5 Qxd5 11. h3 Qe6 12. Be3 Qg6 13. Kh1 e4 14.
dxe4 Qxe4 15. Re1 Bf5 16. Rc1 Qa4 17. Bc5 Rfd8 18. Qe2 Re8 19. Qd2 Rxe1+ 20.
Nxe1 b6 21. Be3 Bc8 22. Ra1 Bb7 23. Nf3 a5 24. Nd4 Nxd4 25. Bxd4 Qc6 26. f3
b5 27. Qd3 Ba6 28. Qe4 Qxe4 29. fxe4 Re8 30. a4 bxa4 31. Rxa4 Rxe4 32. Rxa5
Bb7 33. Ra7 Bd5 34. Rxc7 Re2 35. c4 Be4 36. Kg1 Rxg2+ 37. Kf1 Rxc2 38. h4
Bd3+ 39. Kg1 Rxc4 40. Rxc4 Bxc4 41. Kf2 Kh7 42. Kg3 g5 43. hxg5 hxg5 44. Be3
Kh6 45. Bc1 Kg6 46. Bd2 Kh5 47. Bc1 g4 48. Bd2 f5 49. Be3 Kg6 50. Kf4 Kh5
51. Bf2 Bd3 52. Be1 Kg6 53. Bf2 Kf6 54. Be1 Ke6 55. Bf2 Kd5 56. Be1 Kd4 57.
Bf2+ Kc3 58. Be1+ Kc2 59. Bf2 Kd1 60. Bh4 Ke2 61. Bg3 Kf1 62. Bh4 Kg2 63.
Bg3 Kh3 64. Bf2 Be4 65. Bg3 Bf3 66. Bf2 Kg2 67. Bg3 Kh3 68. Bf2 g3 69. Bxg3
Bg4 70. Bf2 Kg2 71. Bg3 {Game drawn by mutual agreement} 1/2-1/2

[Event "ICC tourney 2767 (30 10)"]
[Site "Internet Chess Club"]
[Date "2021.12.18"]
[Round "2"]
[White "YADHUNANDAN, ADIDEV:Yadhunandan"]
[Black "WEI, LUKE:caracleliem2"]
[Result "0-1"]
[ICCResult "White checkmated"]
[WhiteElo "756"]
[BlackElo "1079"]
[Opening "QGD Slav defense"]
[ECO "D10"]
[NIC "SL.01"]
[Time "15:00:22"]
[PlyCount "76"]
[TimeControl "1800+10"]

1. d4 d5 2. c4 c6 3. Nc3 Nf6 4. cxd5 cxd5 5. Bf4 Nc6 6. Nb5 Qa5+ 7. Nc3 e6
8. Qa4 Qxa4 9. Nxa4 Bb4+ 10. Bd2 Bxd2+ 11. Kxd2 Nxd4 12. Rc1 Bd7 13. Nc5 Ng4
14. Nh3 Nc6 15. Nxd7 Kxd7 16. e3 a6 17. Be2 Nf6 18. Rhd1 Ne4+ 19. Ke1 Rac8
20. f3 Nd6 21. e4 Ne7 22. Rxc8 Rxc8 23. exd5 Nxd5 24. Ng5 h6 25. Ne4 Nf5 26.
g4 Ne3 27. Rd3 Ke7 28. Rb3 Nc2+ 29. Kf2 Rc7 30. Nc3 Nf4 31. Kg3 g5 32. Bd1
Ne3 33. Be2 Nc2 34. Bd1 Nd4 35. Rb4 Nc6 36. Re4 Rd7 37. Ba4 Rd2 38. Bxc6
Rg2# {White checkmated} 0-1

[Event "ICC tourney 2767 (30 10)"]
[Site "Internet Chess Club"]
[Date "2021.12.18"]
[Round "2"]
[White "Zhan, Jayden Zihan:Viperchess001"]
[Black "HELLER, JACK G:Maximusiv"]
[Result "1/2-1/2"]
[ICCResult "Game drawn by repetition"]
[WhiteElo "1273"]
[BlackElo "872"]
[Opening "Scandinavian defense"]
[ECO "B01"]
[NIC "SD.03"]
[Time "15:00:11"]
[PlyCount "69"]
[TimeControl "1800+10"]

1. e4 d5 2. exd5 Nf6 3. Nc3 Bg4 4. Be2 Bxe2 5. Ngxe2 Nxd5 6. O-O Nc6 7. Nxd5
Qxd5 8. Nc3 Qa5 9. d3 O-O-O 10. Bd2 Qf5 11. Ne4 e6 12. Ng3 Qg6 13. Bc3 Bd6
14. Ne4 f5 15. Nxd6+ Rxd6 16. Qf3 Nd4 17. Bxd4 Rxd4 18. h3 e5 19. Qg3 Qf6
20. Rfe1 f4 21. Qg4+ Kb8 22. Qf3 g5 23. Qg4 h5 24. Qe2 g4 25. Qxe5 Qxe5 26.
Rxe5 gxh3 27. gxh3 Rg8+ 28. Kh2 h4 29. Rae1 b6 30. Rh5 f3 31. Rg1 Re8 32.
Rc1 Rg8 33. Rg1 Re8 34. Rc1 Rg8 35. Rg1 {Game drawn by repetition} 1/2-1/2

[Event "ICC tourney 2767 (30 10)"]
[Site "Internet Chess Club"]
[Date "2021.12.18"]
[Round "2"]
[White "ANGEL, BORYS:BArkadia"]
[Black "HIBBS, ROBERT:BotanicalKnight"]
[Result "0-1"]
[ICCResult "White checkmated"]
[WhiteElo "1337"]
[BlackElo "1398"]
[Opening "Caro-Kann: Steinitz variation"]
[ECO "B17"]
[NIC "CK.05"]
[Time "15:00:07"]
[PlyCount "132"]
[TimeControl "1800+10"]

1. e4 c6 2. d4 d5 3. Nc3 dxe4 4. Nxe4 Nd7 5. c4 Ngf6 6. Nxf6+ Nxf6 7. f4 Bf5
8. Nf3 e6 9. Bd3 Bxd3 10. Qxd3 Be7 11. O-O O-O 12. h3 c5 13. Be3 Qc7 14.
Rad1 Rfd8 15. Qc2 cxd4 16. Nxd4 Bc5 17. a3 Qb6 18. Qc3 Ne4 19. Qd3 Ng3 20.
b4 Bxd4 21. Bxd4 Rxd4 22. c5 Rxd3 23. cxb6 Rxd1 24. Rxd1 axb6 25. Kf2 Ne4+
26. Ke3 Nc3 27. Rd7 Rb8 28. Kd3 Nd5 29. g3 Kf8 30. f5 Nf6 31. Rc7 exf5 32.
Kc4 Ke8 33. Kb5 Nd7 34. a4 Kd8 35. Rc1 Rc8 36. Rd1 Ke7 37. Re1+ Kd8 38. Re3
Rc6 39. Rf3 g6 40. g4 fxg4 41. hxg4 Nf6 42. g5 Nd5 43. Rd3 Rd6 44. Kc4 Kc7
45. Rxd5 Rxd5 46. Kxd5 Kd7 47. Ke5 Ke7 48. b5 f6+ 49. gxf6+ Kf7 50. Kd6 Kxf6
51. Kc7 h5 52. Kxb7 h4 53. Kxb6 h3 54. a5 h2 55. a6 h1=Q 56. a7 Qa8 57. Ka6
Qc8+ 58. Kb6 Ke6 59. Ka5 Qb7 60. b6 g5 61. Kb5 g4 62. Ka5 g3 63. Kb5 g2 64.
Ka4 g1=Q 65. Ka3 Qgxb6 66. Ka4 Q7xa7# {White checkmated} 0-1

[Event "ICC tourney 2767 (30 10)"]
[Site "Internet Chess Club"]
[Date "2021.12.18"]
[Round "2"]
[White "SPANTZEL, ARNOLD:ThorGodOfBlitz"]
[Black "THAPER, RISHUBH:MajorKey"]
[Result "0-1"]
[ICCResult "White checkmated"]
[WhiteElo "1068"]
[BlackElo "1290"]
[Opening "Giuoco Piano"]
[ECO "C53"]
[NIC "IG.02"]
[Time "15:00:14"]
[PlyCount "124"]
[TimeControl "1800+10"]

1. e4 e5 2. Nf3 Nc6 3. Bc4 Bc5 4. c3 d6 5. d3 Nge7 6. Ng5 d5 7. Bxd5 Nxd5 8.
exd5 Qxd5 9. Qf3 Qxf3 10. Nxf3 Bf5 11. Nxe5 Nxe5 12. d4 Nd3+ 13. Kd2 Bb6 14.
f3 O-O-O 15. g4 Bg6 16. h4 h5 17. g5 Rhe8 18. Rf1 Nf4 19. Kd1 Nd3 20. Nd2 c5
21. Nb3 cxd4 22. Kc2 Nf2+ 23. Kd2 dxc3+ 24. Kxc3 Rd3+ 25. Kb4 Rxf3 26. Ka3
Re5 27. Bd2 Bc5+ 28. Bb4 Bxb4+ 29. Kxb4 Nd3+ 30. Ka3 Rxf1 31. Rxf1 b5 32.
Nd4 a6 33. Nc6 Re3 34. b3 Be4 35. Nb4 Nxb4 36. Kxb4 Bg6 37. Rf4 Kb7 38. a4
bxa4 39. bxa4 Re4+ 40. Rxe4 Bxe4 41. Kc5 f5 42. gxf6 gxf6 43. Kd4 f5 44. Ke5
Kb6 45. Kf4 Ka5 46. Kg5 Kxa4 47. Kxh5 f4 48. Kg4 f3 49. Kg3 Kb5 50. h5 a5
51. h6 a4 52. Kf4 f2 53. Kxe4 f1=Q 54. h7 Qh3 55. h8=Q Qxh8 56. Kd3 Qb2 57.
Ke3 a3 58. Kf4 a2 59. Kg5 a1=Q 60. Kg6 Qf1 61. Kh7 Qbg2 62. Kh8 Qfh1#
{White checkmated}
0-1

[Event "ICC tourney 2767 (30 10)"]
[Site "Internet Chess Club"]
[Date "2021.12.18"]
[Round "3"]
[White "MA, YUNHUI:K03-16857748"]
[Black "SHI, WARREN:warren200"]
[Result "1-0"]
[ICCResult "Black resigns"]
[WhiteElo "710"]
[BlackElo "822"]
[Opening "King's pawn game"]
[ECO "C50"]
[NIC "IG.03"]
[Time "17:00:57"]
[PlyCount "63"]
[TimeControl "1800+10"]

1. e4 e5 2. Nf3 Nc6 3. Bc4 h6 4. Nc3 Nf6 5. d3 Bb4 6. O-O d5 7. exd5 Ne7 8.
h3 Bxc3 9. bxc3 Nexd5 10. Bb2 O-O 11. Nxe5 Nb6 12. Bb3 Re8 13. Bxf7+ Kf8 14.
Bxe8 Qxe8 15. Re1 Nfd7 16. Qf3+ Kg8 17. Nxd7 Qxd7 18. Qg3 Na4 19. Qg6 Kf8
20. Ba3+ c5 21. d4 Nxc3 22. Bxc5+ Kg8 23. Re8+ Qxe8 24. Qxe8+ Kh7 25. Qe3
Nd5 26. Qe4+ g6 27. Qxd5 Bf5 28. Qf7+ Kh8 29. Bf8 Rxf8 30. Qxf8+ Kh7 31. Re1
g5 32. Qf7+ {Black resigns} 1-0

[Event "ICC tourney 2767 (30 10)"]
[Site "Internet Chess Club"]
[Date "2021.12.18"]
[Round "3"]
[White "VIJEYANANDH, VISHNU:vishnuvijey"]
[Black "BAPURAM, ATHARV:AtharvRB"]
[Result "0-1"]
[ICCResult "White checkmated"]
[WhiteElo "393"]
[BlackElo "1016"]
[Opening "Sicilian: dragon variation"]
[ECO "B70"]
[NIC "SI.15"]
[Time "17:00:31"]
[PlyCount "80"]
[TimeControl "1800+10"]

1. e4 c5 2. Nf3 d6 3. d4 cxd4 4. Nxd4 Nf6 5. Nc3 g6 6. Bg5 Bg7 7. Bb5+ Bd7
8. Bxd7+ Nbxd7 9. O-O O-O 10. h3 a6 11. Qd2 Nc5 12. f3 Rc8 13. Nb3 Qb6 14.
Nd5 Nxd5 15. Qxd5 Nxb3+ 16. Kh1 Nxa1 17. Rxa1 Bxb2 18. Rb1 Rxc2 19. Qd1 Qf2
20. Qg1 Qxg1+ 21. Rxg1 f6 22. Be3 Rfc8 23. Kh2 Re2 24. Bf4 Be5 25. Bxe5 dxe5
26. Kg3 Rcc2 27. Kh2 Rxa2 28. Kg3 b5 29. f4 exf4+ 30. Kxf4 b4 31. Kf3 b3 32.
g3 Rec2 33. Ke3 b2 34. Kd3 Rc1 35. Rxc1 bxc1=Q 36. e5 Qd2+ 37. Ke4 Ra4+ 38.
Kf3 Qd3+ 39. Kf2 Ra2+ 40. Kg1 Qd1# {White checkmated} 0-1

[Event "ICC tourney 2767 (30 10)"]
[Site "Internet Chess Club"]
[Date "2021.12.18"]
[Round "3"]
[White "KUPPACHI, DHANVI HRUDAY:dkuppachi"]
[Black "BANERJEE, ARJUN:ARJUNCHESS05"]
[Result "0-1"]
[ICCResult "White checkmated"]
[WhiteElo "105"]
[BlackElo "802"]
[Opening "Four knights: Gunsberg variation"]
[ECO "C47"]
[NIC "VG.04"]
[Time "17:00:21"]
[PlyCount "86"]
[TimeControl "1800+10"]

1. e4 e5 2. Nc3 Nf6 3. Nf3 Nc6 4. a3 Bc5 5. Bc4 Bd4 6. Nd5 Nxd5 7. Bxd5 Qf6
8. O-O O-O 9. d3 Ne7 10. Bg5 Qd6 11. Bxe7 Qxe7 12. c3 Bb6 13. Qe2 c6 14. Bc4
Bc7 15. Rad1 Qf6 16. g3 Rd8 17. d4 exd4 18. cxd4 d5 19. e5 Qg6 20. Bd3 Qh5
21. Rde1 Bh3 22. e6 fxe6 23. Ne5 Qxe2 24. Rxe2 Bxf1 25. Kxf1 Bxe5 26. Rxe5
Re8 27. Rh5 g6 28. Rh4 Re7 29. f3 Rf8 30. Be2 e5 31. Kg2 exd4 32. Bd3 Re3
33. Rf4 Rxf4 34. gxf4 Rxd3 35. Kg3 Rd2 36. h3 Rxb2 37. Kg4 d3 38. h4 d2 39.
f5 gxf5+ 40. Kxf5 d1=Q 41. h5 Qxf3+ 42. Kg5 Rg2+ 43. Kh4 Qg3# {White
checkmated} 0-1

[Event "ICC tourney 2767 (30 10)"]
[Site "Internet Chess Club"]
[Date "2021.12.18"]
[Round "3"]
[White "Barnhart, Randolph Earl :REB1958"]
[Black "YADHUNANDAN, ADIDEV:Yadhunandan"]
[Result "0-1"]
[ICCResult "White resigns"]
[WhiteElo "670"]
[BlackElo "756"]
[Opening "Queen's pawn, Mason variation"]
[ECO "D00"]
[NIC "QP.08"]
[Time "17:00:19"]
[PlyCount "66"]
[TimeControl "1800+10"]

1. d4 d5 2. Bf4 Nf6 3. f3 Nc6 4. c3 e6 5. Nd2 Bd6 6. Be3 O-O 7. h4 e5 8. h5
exd4 9. Bf2 d3 10. h6 dxe2 11. Bxe2 Bf4 12. Nb3 Re8 13. Nc5 Qe7 14. g3 Be3
15. Bxe3 Qxe3 16. hxg7 Qxc5 17. g4 Qb5 18. Rh2 Qxb2 19. Rb1 Qxc3+ 20. Kf1
Nd4 21. g5 Nxe2 22. Nxe2 Qxf3+ 23. Ke1 Qg3+ 24. Kd2 Qxh2 25. gxf6 Bg4 26.
Rxb7 Qxe2+ 27. Qxe2 Rxe2+ 28. Kd3 Rf2 29. Rxc7 Rxf6 30. Rc1 Kxg7 31. Rg1 Rg6
32. a4 Be2+ 33. Kxe2 Rxg1 {White resigns} 0-1